 Dungeon Crawl Stone Soup version 0.28.0-53-g5a82cb258f (webtiles) character file.

Game seed: 880261884474259451

159 Ashen the Ogre Mage (level 5, -11/49 HPs)
             Began as an Ogre Hedge Wizard on June 17, 2022.
             Killed by divine providence
             ... invoked by an orc priest
              (13 damage)
             ... on level 3 of the Dungeon.
             The game lasted 00:07:27 (4110 turns).

Ashen the Ogre Mage (Ogre Hedge Wizard)             Turns: 4110, Time: 00:07:27

Health: -11/49     AC:  3    Str: 14    XL:     5   Next: 40%
Magic:  5/12       EV:  9    Int: 17    God:
Gold:   131        SH:  0    Dex:  8    Spells: 8/13 levels left

rFire   . . .      SeeInvis .   m - +0 whip
rCold   . . .      Faith    .   (no shield)
rNeg    . . .      Spirit   .   b - +0 robe
rPois   .          Reflect  .   c - +0 hat
rElec   .          Harm     .   (no cloak)
rCorr   .          Rampage  .   (gloves unavailable)
Will    .....                   (boots unavailable)
Stlth   ++........              (no amulet)
HPRegen 0.16/turn               (no ring)
MPRegen 0.13/turn               (no ring)

@: no status effects
A: large, unfitting armour, tough skin 1
a: no special abilities


You were on level 3 of the Dungeon.
You visited 1 branch of the dungeon, and saw 3 of its levels.

You collected 131 gold pieces.

Inventory:

Hand Weapons
 a - a +0 dagger
 m - a +0 whip (weapon)
Armour
 b - a +0 robe (worn)
 c - a +0 hat (worn)
 n - a +0 tower shield
Jewellery
 f - an amulet of guardian spirit
Scrolls
 d - a scroll of brand weapon {unknown}
 e - a scroll of blinking {unknown}
 g - 2 scrolls of identify {unknown}
 i - a scroll of immolation {unknown}
 j - a scroll of holy word {unknown}
 l - a scroll of summoning {unknown}
Potions
 h - 3 potions of mutation {unknown}
 k - a potion of curing {unknown}
 o - 2 potions of invisibility {unknown}


   Skills:
 + Level 2.2 Fighting
 + Level 2.2 Dodging
 + Level 1.9 Stealth
 * Level 4.7 Spellcasting
 + Level 1.5 Conjurations
 + Level 1.6 Summonings
 + Level 1.6 Translocations


You had 8 spell levels left.
You knew the following spells:

 Your Spells              Type           Power      Damage    Failure   Level
a - Magic Dart            Conj           36%        1d4       8%          1
b - Blink                 Tloc           18%        N/A       11%         2
c - Call Imp              Summ           9%         N/A       11%         2

Your spell library contained the following spells:

 Spells                   Type           Power      Damage    Failure   Level
 Apportation              Tloc           18%        N/A       8%          1
 Summon Small Mammal      Summ           36%        N/A       8%          1
 Animate Skeleton         Necr           8%         N/A       14%         1
 Slow                     Hex            16%        N/A       14%         1
 Corpse Rot               Necr/Air       8%         N/A       22%         2
 Poisonous Vapours        Pois/Air       8%         N/A       22%         2
 Conjure Flame            Conj/Fire      6%         6-21      32%         3
 Mephitic Cloud           Conj/Pois/Air  5%         N/A       34%         3
 Summon Forest            Summ/Tloc      4%         N/A       90%         5
 Summon Mana Viper        Hex/Summ       6%         N/A       96%         5
 Summon Cactus Giant      Summ           4%         N/A       100%        6


Dungeon Overview and Level Annotations

Branches:
Dungeon (3/15)

Altars:
Hepliaklqana


Innate Abilities, Weirdness & Mutations

You are too large for most types of armour.
You have tough skin. (AC +1)


Message History

You miss something. Something hits you.
Your white imp hits something.
Your white imp freezes something.
The orc priest hits your white imp with a +4 dagger!
You completely miss something.
You hear some strange, mumbled words.
A puff of flame appears from out of thin air!
The puff of flame hits you.
Your white imp barely misses something.
The orc priest hits your white imp with a +4 dagger!
Your white imp dies!
Your white imp disappears in a puff of smoke!
Casting: Call Imp (safe; 11% risk of failure)
Confirm with . or Enter, or press ? or * to list all spells.
A beastly little devil appears in a puff of flame.
Something hits you.
* * * LOW HITPOINT WARNING * * *
The orc priest hits your crimson imp with a +4 dagger!
You closely miss something. Something hits you but does no damage.
The orc priest barely misses your crimson imp.
Your crimson imp hits the orc priest but does no damage.
You closely miss something. Something hits you but does no damage.
The orc priest hits your crimson imp with a +4 dagger.
Your crimson imp hits the orc priest.
You completely miss something. Something hits you but does no damage.
The orc priest hits your crimson imp with a +4 dagger.
Your crimson imp blinks!
Something hits you but does no damage.
Casting: Call Imp (safe; 11% risk of failure)
Confirm with . or Enter, or press ? or * to list all spells.
A beastly little devil appears in a puff of frigid air.
Something hits you.
* * * LOW HITPOINT WARNING * * *
The orc priest invokes the aid of Beogh against you.
Beogh smites you!
* * * LOW HITPOINT WARNING * * *
You swap places.
Your white imp hits something but does no damage.
Something barely misses your white imp.
The orc priest mumbles some strange prayers to Beogh against you.
Beogh smites you!
You die...

#.#.#.##### #...
###########.#.#.#############...
...............)................
............#.#.###.........#...
..>................#######.#.##
..........<#.#.###..#....#'#'##
#..ยง...#.#.# #..#.........#
##'#'#...#.# #..#.........#
.#######5#.#####@# #[.....#####..
...o.o.o.#..o{5..# #..#####...###
....################..'....._....
..... ........#####...### ......
............#####.. ####...
###................ ....
#.....##(###..... .....
#.....##.##...... ###...
#.....##.##......


You could see an orc priest (ally target) and a friendly white imp (summoned).

Vanquished Creatures
  A gnoll (D:1)
  3 adders (D:2)
  3 dart slugs (D:3)
  3 ball pythons (D:1)
  A bat (D:2)
  2 endoplasms
  6 giant cockroaches
  11 goblins
  10 hobgoblins
  6 kobolds
  2 quokkas
  3 frilled lizards (D:1)
  4 rats
55 creatures vanquished.

Vanquished Creatures (collateral kills)
  Jessica (D:2)
  Robin (D:3)
  An adder (D:3)
  A worm (D:2)
  2 orcs (D:3)
  A hobgoblin (D:3)
7 creatures vanquished.

Grand Total: 62 creatures vanquished

Notes
Turn   | Place    | Note
-------+----------+-------------------------------------------
     0 | D:1      | Ashen the Ogre Hedge Wizard began the quest for the Orb.
     0 | D:1      | Reached XP level 1. HP: 16/16 MP: 5/5
   270 | D:1      | Reached skill level 1 in Conjurations
   431 | D:1      | Reached skill level 1 in Fighting
   431 | D:1      | Reached skill level 1 in Summonings
   431 | D:1      | Reached skill level 1 in Translocations
   431 | D:1      | Reached XP level 2. HP: 12/27 MP: 0/6
   764 | D:1      | Learned a level 2 spell: Blink
   767 | D:1      | Learned a level 2 spell: Call Imp
   966 | D:1      | Reached skill level 4 in Spellcasting
  1064 | D:1      | Reached XP level 3. HP: 33/33 MP: 5/8
  1177 | D:1      | Found a faded altar of an unknown god.
  2291 | D:2      | Reached XP level 4. HP: 36/42 MP: 5/10
  2410 | D:2      | Noticed Jessica
  2424 | D:2      | Killed Jessica
  3291 | D:3      | Reached XP level 5. HP: 45/49 MP: 0/11
  3386 | D:3      | Found a hazy altar of Hepliaklqana.
  3480 | D:3      | Noticed Robin
  3969 | D:3      | Killed Robin
  4108 | D:3      | HP: 2/49 [orc priest/divine providence (12)]
  4110 | D:3      | Killed from afar by an orc priest

Illustrated notes

Levels and vault maps discovered:
D:1:      dpeg_arrival_solitude, layout_loops_corners,
          shapermc_ecumenical_altar_flowoftime
D:2:      layout_loops_ring, uniq_jessica
D:3:      layout_basic, mainiacjoe_overflow_surrounded_room,
          minmay_misc_feat_secret_circle, uniq_robin

Skill      XL: |  1  2  3  4 |
---------------+-------------+-----
Conjurations   | 1 |  1.5
Fighting       | 1 2 |  2.2
Summonings     | 1 |  1.6
Translocations | 1 |  1.6
Spellcasting   | 4 |  4.7
Dodging        | 2 |  2.2
Stealth        | |  1.9

Action                   |  1- 3 |  4- 6 || total
-------------------------+-------+-------++-------
Melee: Dagger            |    46 |    16 ||    62
       Punch             |       |     1 ||     1
       Whip              |       |    22 ||    22
 Cast: Magic Dart        |    76 |    81 ||   157
       Call Imp          |     1 |     9 ||    10
       Blink             |     1 |     1 ||     2
 Stab: Sleeping          |     1 |       ||     1
Armor: Robe              |    24 |    21 ||    45
Dodge: Dodged            |    38 |    20 ||    58
